 Dungeon Crawl Stone Soup version 0.24-a0-378-g94936e539c (webtiles) character file.

Game seed: 15313974503552724795

25 ohad the Insei (level 3, -1/23 HPs)
             Began as an Octopode Transmuter on June 1, 2019.
             Slain by a sky beast (2 damage)
             ... on level 2 of the Dungeon.
             The game lasted 00:02:08 (1082 turns).

ohad the Insei (Octopode Transmuter)                Turns: 1082, Time: 00:02:09

Health: -1/23      AC:  2    Str:  9    XL:     3   Next: 6%
Magic:  5/7        EV: 19    Int: 16    God:
Gold:   53         SH:  0    Dex: 17    Spells: 1/7 levels left

rFire    . . .     SeeInvis .     - Unarmed
rCold    . . .     Gourm    .   (shield currently unavailable)
rNeg     + . .     Faith    .   (helmet currently unavailable)
rPois    x         Spirit   .   (no amulet)
rElec    .         Reflect  .   m - ring of positive energy
rCorr    .         Harm     .   (no ring)
MR       .....                  (no ring)
Stlth    ++........             (no ring)
HPRegen  0.07/turn              (no ring)
MPRegen  0.10/turn              (no ring)
                                (no ring)
                                (no ring)

@: spider-form (expiring)
A: tiny, almost no armour, stealthy swim, (amphibious), 8 rings, (constrict 8)
a: End Transformation


You were on level 2 of the Dungeon.
You were hungry.
You were a venomous arachnid creature.
You visited 1 branch of the dungeon, and saw 2 of its levels.

You collected 53 gold pieces.

Inventory:

Missiles
 a - 12 arrows
 f - 8 boomerangs (quivered)
 l - a throwing net
Jewellery
 m - a ring of positive energy (left front leg)
Scrolls
 b - 2 scrolls of identify {unknown}
 d - 2 scrolls of blinking {unknown}
 e - a scroll of amnesia {unknown}
 g - 2 scrolls of remove curse {unknown}
 k - a scroll of enchant weapon {unknown}
Potions
 h - a potion of agility {unknown}
 j - a potion of magic {unknown}
 n - a potion of cancellation {unknown}
Comestibles
 c - 3 rations
 i - a chunk of flesh


   Skills:
 - Level 1.0 Fighting
 - Level 2.0 Dodging
 - Level 3.0 Unarmed Combat
 + Level 2.8 Spellcasting
 + Level 2.6 Transmutations


You had one spell level left.
You knew the following spells:

 Your Spells              Type           Power        Failure   Level  Hunger
a - Beastly Appendage     Tmut           ##....       17%         1    #......
b - Sticks to Snakes      Tmut           ##......     24%         2    ##.....
c - Spider Form           Tmut/Pois      #.........   54%         3    ###....

Your spell library contained the following spells:

 Spells                   Type           Power        Failure   Level  Hunger
 Ice Form                 Ice/Tmut       #.......     88%         4    #####..
 Blade Hands              Tmut           ##........   96%         5    ######.


Dungeon Overview and Level Annotations

Branches:
Dungeon (2/15)

Altars:


Innate Abilities, Weirdness & Mutations

You cannot wear most types of armour.
You are very stealthy in the water. (Stealth+)
((You are amphibious.))
You can wear up to eight rings at the same time.
((You can use your tentacles to constrict eight enemies at once.))
((Your skin changes colour to match your surroundings (Stealth+).))
((Your rubbery body absorbs attacks. (AC +1, EV +1)))


Message History

Some of the chunks of flesh in your inventory have rotted away.
You continue memorising.
You finish memorising.
Spell assigned to 'b'.
Memorise Spider Form, consuming 3 spell levels and leaving 1?
You start memorising the spell.
You continue memorising. x2
You are feeling hungry.
You continue memorising.
You finish memorising.
Spell assigned to 'c'.
Casting: Beastly Appendage (safe; 6% risk of failure)
Confirm with . or Enter, or press ? or * to list all spells.
You turn into a venomous arachnid creature.
The sky beast flickers out of sight!
Deactivating autopickup; reactivate with Ctrl-A.
Your transformation is almost over.
Something hits you. Something shocks you.
You barely miss something. Something hits you. Something shocks you.
You barely miss something. Something hits you. Something shocks you.
* * * LOW HITPOINT WARNING * * *
You miss something. Something hits you.
You die...

#. #.. #.. ## ## #.#
.. .. ###.# ##.### #.
## ...# # ..!.#.. ..#
##.#######.#.#.#. ...#
#.......s{...... .s..#
#..#######.#.#.#.....#
#..# #....<......#
#.<# ###.#######.#
#......# # # #.####.#
#. # #. #.


There were no monsters in sight!

Vanquished Creatures
  2 bats (D:1)
  2 giant cockroaches (D:1)
  2 goblins (D:1)
  4 hobgoblins (D:1)
  5 kobolds (D:1)
  2 ball pythons (D:1)
  4 frilled lizards (D:1)
  2 rats (D:1)
23 creatures vanquished.

Notes
Turn   | Place    | Note
-------+----------+-------------------------------------------
     0 | D:1      | ohad the Octopode Transmuter began the quest for the Orb.
     0 | D:1      | Reached XP level 1. HP: 13/13 MP: 3/3
   344 | D:1      | Reached XP level 2. HP: 16/18 MP: 5/5
   881 | D:1      | Reached XP level 3. HP: 22/23 MP: 7/7
  1039 | D:2      | Noticed a sky beast
  1068 | D:2      | Learned a level 2 spell: Sticks to Snakes
  1072 | D:2      | Learned a level 3 spell: Spider Form
  1081 | D:2      | HP: 1/23 [something (6)]
  1082 | D:2      | Slain by a sky beast

Levels and vault maps discovered:
D:1:      dpeg_arrival_pits, layout_loops_ring, minmay_pentomino_s2
D:2:      layout_loops_ring, lemuel_doored_altar, makhleb_blood_cavern_becter,
          first_ration

Action                   || total
-------------------------++-------
Melee: Unarmed           ||    49
       Constrict         ||    13
       Tentacles         ||     4
       Punch             ||     1
       Kick              ||     3
 Cast: Beastly Appendage ||     3
       Spider Form       ||     1
 Stab: Sleeping          ||     5
Armor: Skin              ||     5
Dodge: Dodged            ||    28

Table legend:
 A = Non-vault XP
 B = Vault XP
 C = Vault XP percentage of total XP
 D = Non-vault monster count
 E = Vault monster count
 F = Vault count percentage of total count
                 A         B        C        D         E       F
            +---------+---------+-------+---------+---------+-------
      Total |      36 |       1 |   2.7 |      22 |       1 |   4.3
            +---------+---------+-------+---------+---------+-------
        D:1 |      36 |       1 |   2.7 |      22 |       1 |   4.3
            +---------+---------+-------+---------+---------+-------
